 Dungeon Crawl Stone Soup version 0.30.0-20-g3615ddf2f0 (webtiles) character file.

Game seed: 2951218852636849085

121 qw the Chopper (level 5, -3/32 HPs)
             Began as a Gargoyle Fighter on May 29, 2023.
             Slain by Edmund
             ... wielding a +0 dire flail of distortion
              (7 damage)
             ... on level 4 of the Dungeon.
             The game lasted 00:01:03 (2511 turns).

qw the Chopper (Gargoyle Fighter)                   Turns: 2511, Time: 00:01:04

Health: -3/32      AC: 12    Str: 20 (21) XL:     5   Next: 5%
Magic:  5/5        EV:  9    Int:  6 (9)  God:
Gold:   226        SH:  4    Dex:  7 (9)  Spells: 4/4 levels left

rFire   . . .        Y - +0 war axe
rCold   . . .        c - +0 buckler
rNeg    + . .        b - +0 scale mail
rPois   inf          k - +0 helmet
rElec   +            (no cloak)
rCorr   .            (no gloves)
SInv    .            (no boots)
Will    .....        i - amulet of faith Stlth
                     (no ring)
HPRegen 0.25/turn    (no ring)
MPRegen 0.09/turn

%: faith
@: no status effects
A: sickness immunity, AC +4, negative energy resistance 1, electricity
resistance, torment resistance 1, petrification resistance
a: no special abilities


You were on level 4 of the Dungeon.
You visited 1 branch of the dungeon, and saw 4 of its levels.

You collected 226 gold pieces.


Innate Abilities, Weirdness & Mutations

You are immune to sickness and miasma.
Your stone body is resilient. (AC +4)
You are immune to poison.
You resist negative energy. (rN+)
You are resistant to electric shocks. (rElec)
You are resistant to unholy torment.
You are immune to petrification.


   Skills:
 - Level 3.2 Fighting
 + Level 4.1 Axes
 - Level 1.8 Throwing
 - Level 3.2 Armour
 - Level 3.2 Shields


You had 4 spell levels left.
You didn't know any spells.
Your spell library was empty.

Inventory:

Hand Weapons
 f - a +0 whip
 Y - a +0 war axe (weapon)
Missiles
 l - 4 boomerangs (quivered)
Armour
 b - a +0 scale mail (worn)
 c - a +0 buckler (worn)
 k - a +0 helmet (worn)
Jewellery
 i - an amulet of faith (around neck)
 m - an amulet of guardian spirit
 n - an amulet of the acrobat
Scrolls
 a - a scroll of identify
Potions
 d - a potion of might
 g - a potion of berserk rage {unknown}
 j - a potion of attraction
 o - a potion of resistance {unknown}

Dungeon Overview and Level Annotations

Branches:
Dungeon (4/15)
 Temple: D:4-7

Altars:

Annotations:
D:4 Edmund


Message History

2497 ||| DRINKING potion of heal wounds.
You feel much better. The orc closely misses you.
Edmund hits you with a +0 dire flail of distortion.
You slash Edmund!
Edmund is heavily wounded.
You hit the orc. The orc hits you but does no damage.
Edmund hits you but does no damage. Space warps horribly around you!!
Ouch! That really hurt!
You hit Edmund but do no damage.
Edmund is heavily wounded.
You slash the orc!
You kill the orc!
Edmund barely misses you.
Edmund hits you with a +0 dire flail of distortion.
Space warps around you.
You barely miss Edmund.
Edmund is heavily wounded.
Edmund hits you but does no damage.
You blink.
You are too injured to fight recklessly!
You slash Edmund!
Edmund is severely wounded.
Edmund hits you but does no damage. Space warps around you.
You barely miss Edmund.
Edmund is severely wounded.
Edmund hits you but does no damage.
You blink.
You are too injured to fight recklessly!
You are too injured to fight recklessly!
You are too injured to fight recklessly!
You hit Edmund.
Edmund is severely wounded.
Edmund barely misses you.
You hit Edmund.
Edmund is almost dead.
Edmund closely misses you.
You barely miss Edmund.
Edmund is almost dead.
Edmund hits you with a +0 dire flail of distortion!
You die...

#.# .. .. #. #.##
..# #.# #@# .#.#
#@# ##.#.#
#.####..#.#
#....#.##.# g
#....#.##.# ..(
#...)..##.###....
#.#.....>..(.....
#.#..).......$...
#...........!.?


You could see Edmund.

Vanquished Creatures
  Natasha (D:2)
  Robin (D:2)
  An adder (D:2)
  2 dart slugs
  An orc (D:4)
  7 endoplasms
  A giant cockroach (D:1)
  12 goblins
  11 hobgoblins
  7 jackals
  4 kobolds
  A quokka (D:2)
  2 ball pythons (D:1)
  4 bats
  2 frilled lizards
  5 rats
62 creatures vanquished.

Notes
Turn   | Place    | Note
-------+----------+-------------------------------------------
     0 | D:1      | qw the Gargoyle Fighter began the quest for the Orb.
     0 | D:1      | Reached XP level 1. HP: 14/14 MP: 1/1
     0 | D:1      | 0 ||| qw: Version: 0.2-a-102-g2b76a06
     0 | D:1      | 0 ||| qw: Game counter: 392
     0 | D:1      | 0 ||| qw: Always use a shield: true
     0 | D:1      | 0 ||| qw: God list: Okawaru
     0 | D:1      | 0 ||| qw: Allow faded altars: false
     0 | D:1      | 0 ||| qw: Do Orc after D:15 true
     0 | D:1      | 0 ||| qw: Do second Lair branch before Depths: true
     0 | D:1      | 0 ||| qw: Lair rune preference: random
     0 | D:1      | 0 ||| qw: Plans: Normal, Zot:1-4, Slime:5, God:TSO, Crypt,
                  | Tomb, Pan, Hells, Abyss, Win
     0 | D:1      | 0 ||| PLANNING D:1-11
    39 | D:1      | Reached skill level 2 in Axes
    77 | D:1      | 77 ||| Stepping ~*~*~tactically~*~*~ (hiding).
    94 | D:1      | Reached XP level 2. HP: 19/19 MP: 2/2
    97 | D:1      | 97 ||| Stepping ~*~*~tactically~*~*~ (stealth).
    98 | D:1      | 98 ||| Stepping ~*~*~tactically~*~*~ (stealth).
   265 | D:1      | 265 ||| Stepping ~*~*~tactically~*~*~ (stealth).
   302 | D:1      | 302 ||| Stepping ~*~*~tactically~*~*~ (stealth).
   335 | D:1      | Reached skill level 3 in Axes
   350 | D:1      | Reached XP level 3. HP: 23/23 MP: 3/3
   762 | D:1      | 762 ||| UPGRADING to amulet of the acrobat.
   767 | D:1      | 767 ||| READING scroll labelled MOS YSCHAGHE.
   768 | D:1      | 768 ||| READING scroll labelled ABEEVVUMIA.
   769 | D:1      | 769 ||| READING scroll labelled TEDYISEY MEOL.
   770 | D:1      | 770 ||| READING scroll labelled GOCOETT JOZAR.
   773 | D:1      | 773 ||| READING scroll labelled GAOHAR UGON.
   893 | D:2      | 893 ||| Stepping ~*~*~tactically~*~*~ (stealth).
  1117 | D:2      | 1117 ||| Stepping ~*~*~tactically~*~*~ (stealth).
  1126 | D:2      | Reached XP level 4. HP: 28/28 MP: 4/4
  1167 | D:2      | Noticed Natasha
  1182 | D:2      | Killed Natasha
  1183 | D:2      | Reached skill level 1 in Throwing
  1405 | D:2      | 1405 ||| Stepping ~*~*~tactically~*~*~ (stealth).
  1407 | D:2      | 1407 ||| Stepping ~*~*~tactically~*~*~ (stealth).
  1408 | D:2      | Noticed Robin
  1409 | D:2      | 1409 ||| Stepping ~*~*~tactically~*~*~ (hiding).
  1434 | D:2      | Killed Robin
  1701 | D:2      | 1701 ||| UPGRADING to +0 helmet.
  1706 | D:2      | 1706 ||| READING scroll labelled KIRYECK CENK.
  1707 | D:2      | 1707 ||| READING scroll labelled WIEJIF UMUBU.
  1708 | D:2      | 1708 ||| DRINKING 2 fizzy black potions.
  1709 | D:2      | 1709 ||| DRINKING 2 coppery potions.
  1710 | D:2      | 1710 ||| DROPPING potion of degeneration.
  1991 | D:3      | Reached skill level 4 in Axes
  1996 | D:3      | Reached XP level 5. HP: 31/32 MP: 5/5
  2291 | D:3      | Identified the +6 trident of Bloody Death {protect, Will+}
  2453 | D:3      | 2453 ||| UPGRADING to amulet of faith.
  2463 | D:3      | 2463 ||| READING scroll labelled RAEMNUSIOT.
  2464 | D:3      | 2464 ||| DRINKING 2 murky dark potions.
  2483 | D:4      | Noticed Edmund
  2486 | D:4      | 2486 ||| Stepping ~*~*~tactically~*~*~ (stealth).
  2496 | D:4      | HP: 8/32 [orc/+0 flail (3)]
  2497 | D:4      | 2497 ||| DRINKING potion of heal wounds.
  2503 | D:4      | HP: 1/32 [Edmund/+0 dire flail of distortion (4)]
  2511 | D:4      | Slain by Edmund

Levels and vault maps discovered:
D:1:      roderic_octagonal_star, layout_loops_ring
D:2:      layout_basic, st_stairs_6, corexii_hall_statues_l, uniq_natasha,
          uniq_robin
D:3:      layout_basic, minivault_26, chequers_serial_rivers_room_a
D:4:      layout_rooms, ebering_ghost_disaster_area,
          nicolae_elevator_lobby_asterisk, uniq_edmund

Skill      XL: |  1  2  3  4 |
---------------+-------------+-----
Axes           | 2 3 4 |  4.1
Throwing       | 1 |  1.8
Fighting       | |  3.2
Armour         | |  3.2
Shields        | |  3.2

Action                     |  1- 3 |  4- 6 || total
---------------------------+-------+-------++-------
  Melee: War axe           |    82 |    74 ||   156
  Throw: Javelin           |    29 |     8 ||    37
         Boomerang         |    14 |     1 ||    15
    Use: Scroll            |     5 |     3 ||     8
         Potion            |       |     4 ||     4
 Armour: Scale mail        |    36 |    50 ||    86
  Dodge: Dodged            |    42 |    40 ||    82
  Block: Buckler           |    21 |     8 ||    29

Table legend:
 A = Non-vault XP
 B = Vault XP
 C = Vault XP percentage of total XP
 D = Non-vault monster count
 E = Vault monster count
 F = Vault count percentage of total count
                 A         B        C        D         E       F
            +---------+---------+-------+---------+---------+-------
      Total |      98 |      76 |  43.7 |      47 |      15 |  24.2
            +---------+---------+-------+---------+---------+-------
        D:1 |      44 |       0 |   0.0 |      25 |       0 |   0.0
        D:2 |      36 |      76 |  67.9 |      12 |      15 |  55.6
        D:3 |      13 |       0 |   0.0 |       8 |       0 |   0.0
        D:4 |       5 |       0 |   0.0 |       2 |       0 |   0.0
            +---------+---------+-------+---------+---------+-------
